 Dungeon Sprint DCSS version 0.30.1-11-g7821555f0a (webtiles) character file.

Game seed: 1452126707877506908

12719 Heoruswealwe the Phalangite (level 11, -15/118 HPs)
             Began as a Minotaur Fighter on Nov 9, 2023.
             Was an Initiate of Gozag.
             Demolished by an orc warrior
             ... wielding a +0 glaive
              (24 damage)
             ... in the Dungeon (Sprint IX: "|||||||||||||||||||||||||||||").
             The game lasted 00:09:58 (1773 turns).

Heoruswealwe the Phalangite (Minotaur Fighter)      Turns: 1773, Time: 00:09:59

Health: -15/118    AC: 23    Str: 25    XL:     11   Next: 66%
Magic:  10/10      EV:  8    Int:  5    God:    Gozag
Gold:   5458       SH:  0    Dex: 10    Spells: 10/10 levels left

rFire   . . .        b - +2 halberd (flame)
rCold   . . .        (shield currently unavailable)
rNeg    . . .        c - +0 plate armour
rPois   .            (helmet restricted)
rElec   .            h - +0 cloak
rCorr   .            f - +2 pair of gloves
SInv    .            (no boots)
Will    .....        (no amulet) Stlth
                     (no ring)
HPRegen 0.39/turn    (no ring)
MPRegen 0.12/turn

%: no teleportation
@: gold aura
A: horns 2, retaliatory headbutt
a: Renounce Religion, Potion Petition, Call Merchant, Bribe Branch


You were in the Dungeon.
You worshipped Gozag.
Gozag was greatly pleased with you.
You visited 1 branch You collected 5458 gold pieces.

Inventory:

Hand Weapons
 a - a +0 antimagic trident
 b - a +2 halberd of flaming (weapon)
Armour
 c - a +0 plate armour (worn)
 d - a +0 buckler
 f - a +2 pair of gloves (worn)
 h - a +0 cloak (worn)
Wands
 l - a wand of roots (10)
Scrolls
 j - 2 scrolls of blinking
 m - 2 scrolls of identify
 n - 4 scrolls of enchant armour
Potions
 e - 6 potions of curing
 g - 2 potions of haste
 i - a potion of berserk rage
 k - a potion of might
 p - a potion of flight {unknown}


   Skills:
 + Level 17.8 Fighting
 * Level 23.9 Polearms
 + Level 17.8 Armour
 - Level 3.6 Shields


You had 10 spell levels left.
You didn't know any spells.
Your spell library was empty.

Dungeon Overview and Level Annotations

Branches:
Dungeon (1/1)

Altars:
Cheibriados
Dithmenos
Elyvilon
Fedhas
Gozag
Hepliaklqana
Kikubaaqudgha
Makhleb
Nemelex Xobeh
Okawaru
Qazlal
Ru
Sif Muna
Trog
Uskayaw
Vehumet
Wu Jian
Xom
Yredelemnul
Zin
The Shining One
Jiyva
Lugonu


Innate Abilities, Weirdness & Mutations

You have a pair of horns on your head.
You reflexively headbutt those who attack you in melee.


Message History

* * * LOW HITPOINT WARNING * * *
The orc warrior hits you but does no damage.
You hit the orc knight. You burn the orc knight.
The orc knight is almost dead.
You barely miss the orc knight.
The orc knight is almost dead.
The orc knight barely misses you. You furiously retaliate!
You headbutt the orc knight.
The orc warrior hits you but does no damage.
You barely miss the orc knight.
The orc knight is almost dead.
The orc warrior hits you from afar with a +0 glaive!!
* * * LOW HITPOINT WARNING * * *
The orc knight hits you but does no damage.
You feel much better.
The orc knight hits you but does no damage.
The orc warrior hits you from afar with a +0 glaive!
* * * LOW HITPOINT WARNING * * *
You impale the orc knight!! You burn the orc knight.
You kill the orc knight!
The orc warrior no longer looks unusually strong.
The orc warrior is distracted by your dazzling golden aura.
An orc warrior comes into view. It is wielding a +0 hand axe.
The orc warrior shouts! x2
The orc warrior hits you with a +0 glaive!
* * * LOW HITPOINT WARNING * * *
You feel much better.
The orc warrior is distracted by your dazzling golden aura.
The orc warrior hits you with a +0 glaive!
* * * LOW HITPOINT WARNING * * *
You hit the orc warrior but do no damage.
Your headbutt misses the orc warrior.
The orc warrior hits you with a +0 glaive!
* * * LOW HITPOINT WARNING * * *
An orc knight comes into view. It is wielding a +0 broad axe.
You closely miss the orc warrior.
The orc knight shouts!
The orc warrior hits you with a +0 glaive!!
You die...
Your body crumbles into a pile of gold.

o▓.▓.▓.▓_▓
▓o▓.▓.▓.▓_▓
▓o▓.▓.▓.▓_▓
▓o▓.▓'▓.▓_▓
▓o▓.▓.▓.▓_▓
▓o▓.▓.▓.▓_▓
▓$▓.▓.▓.▓_▓
▓o▓.▓.▓.▓_▓
▓@▓.▓.▓.▓_▓
▓.▓.▓.▓.▓_▓
▓.▓.▓.▓.▓_▓
▓)▓.▓.▓.▓_▓
▓)▓.▓.▓.▓_▓
▓[▓.▓'▓.▓_▓
▓.▓.▓.▓.▓_▓
▓)▓.▓.▓.▓_▓
▓)▓.▓?▓.▓_▓


You could see an orc knight and 5 orc warriors.

Vanquished Creatures
  A dire elephant (D)
  Josephine (D)
  Erolcha (D)
  A centaur warrior (D)
  A death yak (D)
  A deep elf pyromancer (D)
  3 orc knights (D)
  7 elephants (D)
  A black mamba (D)
  4 cane toads (D)
  A rime drake (shapeshifter) (D)
  A rime drake (D)
  A tengu conjurer (D)
  A komodo dragon (D)
  A polar bear (D)
  3 blink frogs (D)
  5 wraiths (D)
  2 yaks (D)
  A vampire mosquito (D)
  2 water moccasins (D)
  4 orc warriors (D)
  A centaur (D)
  A wolf (D)
  A bullfrog (D)
  A gnoll sergeant (D)
  A killer bee (D)
  A hound (D)
  5 orc priests (D)
  An iguana (D)
  2 orc wizards (D)
  An adder (D)
  An ufetubus (D)
  A dart slug (D)
  5 orcs (D)
  An endoplasm (D)
  A giant cockroach (D)
  2 ball pythons (D)
  A bat (D)
70 creatures vanquished.

Notes
Turn   | Place    | Note
-------+----------+-------------------------------------------
     0 | D        | Heoruswealwe the Minotaur Fighter began the quest for the
                  | Orb.
     0 | D        | Reached XP level 1. HP: 19/19 MP: 0/0
     6 | D        | Reached skill level 3 in Polearms
    18 | D        | Noticed a hound
    18 | D        | Noticed an iguana
    24 | D        | Killed an iguana
    25 | D        | Reached skill level 5 in Fighting
    25 | D        | Reached skill level 5 in Polearms
    25 | D        | Reached skill level 5 in Armour
    25 | D        | Reached XP level 2. HP: 16/29 MP: 1/1
    25 | D        | Reached XP level 3. HP: 20/36 MP: 2/2
    31 | D        | Reached skill level 6 in Polearms
    36 | D        | Reached skill level 7 in Polearms
    36 | D        | Reached XP level 4. HP: 27/44 MP: 3/3
    46 | D        | Found a snail-covered altar of Cheibriados.
    46 | D        | Found a shadowy altar of Dithmenos.
    46 | D        | Found a white marble altar of Elyvilon.
    46 | D        | Found a blossoming altar of Fedhas.
    46 | D        | Found an opulent altar of Gozag.
    47 | D        | Found a hazy altar of Hepliaklqana.
    48 | D        | Found a viscous altar of Jiyva.
    49 | D        | Found an ancient bone altar of Kikubaaqudgha.
    50 | D        | Found a corrupted altar of Lugonu.
    51 | D        | Found a burning altar of Makhleb.
    52 | D        | Found a sparkling altar of Nemelex Xobeh.
    53 | D        | Found an iron altar of Okawaru.
    54 | D        | Became a worshipper of Gozag Ym Sagoz the Greedy
    55 | D        | Found a stormy altar of Qazlal.
    56 | D        | Found a sacrificial altar of Ru.
    57 | D        | Found a shimmering blue altar of Sif Muna.
    58 | D        | Found a bloodstained altar of Trog.
    59 | D        | Found a hide-covered altar of Uskayaw.
    60 | D        | Found a radiant altar of Vehumet.
    61 | D        | Found an ornate altar of the Wu Jian Council.
    62 | D        | Found a shimmering altar of Xom.
    63 | D        | Found a basalt altar of Yredelemnul.
    64 | D        | Found a glowing silver altar of Zin.
    65 | D        | Found a glowing golden altar of the Shining One.
   149 | D        | Noticed a gnoll sergeant
   149 | D        | Noticed a wraith
   149 | D        | Noticed an orc warrior
   149 | D        | Noticed a wraith
   154 | D        | Reached skill level 8 in Polearms
   158 | D        | Killed a wraith
   159 | D        | Reached skill level 10 in Polearms
   159 | D        | Reached XP level 5. HP: 37/53 MP: 4/4
   159 | D        | Reached XP level 6. HP: 42/61 MP: 5/5
   160 | D        | Killed an orc warrior
   161 | D        | Reached skill level 11 in Polearms
   167 | D        | Killed a wraith
   168 | D        | Reached skill level 12 in Polearms
   171 | D        | HP: 3/66 [gnoll sergeant/+0 antimagic trident (10)]
   176 | D        | Reached skill level 13 in Polearms
   176 | D        | Reached XP level 7. HP: 26/71 MP: 0/6
   178 | D        | Reached skill level 10 in Fighting
   178 | D        | Reached skill level 10 in Armour
   317 | D        | Noticed a centaur warrior
   317 | D        | Noticed a tengu conjurer
   317 | D        | Noticed a blink frog
   317 | D        | Noticed a deep elf pyromancer
   317 | D        | Noticed a vampire mosquito
   324 | D        | a blink frog changed into a rime drake
   324 | D        | Noticed a rime drake (shapeshifter)
   325 | D        | Killed a deep elf pyromancer
   326 | D        | Reached skill level 14 in Polearms
   326 | D        | Reached XP level 8. HP: 45/82 MP: 7/7
   327 | D        | Killed a rime drake
   328 | D        | Reached skill level 15 in Polearms
   333 | D        | Killed a tengu conjurer
   334 | D        | Reached skill level 16 in Polearms
   338 | D        | Killed a centaur warrior
   339 | D        | Reached skill level 17 in Polearms
   339 | D        | Reached XP level 9. HP: 37/93 MP: 8/8
   602 | D        | Noticed a polar bear
   602 | D        | Noticed a death yak
   620 | D        | Killed a death yak
   621 | D        | Reached skill level 18 in Polearms
   626 | D        | Killed a polar bear
   627 | D        | Noticed a rime drake
   636 | D        | Reached skill level 19 in Polearms
   654 | D        | Killed a rime drake
   655 | D        | Reached XP level 10. HP: 32/104 MP: 9/9
   849 | D        | Noticed a cane toad
   849 | D        | Noticed a cane toad
   852 | D        | Killed a cane toad
   853 | D        | Noticed a cane toad
   854 | D        | Noticed a cane toad
   855 | D        | Killed a cane toad
   856 | D        | Reached skill level 20 in Polearms
   860 | D        | Noticed a black mamba
   861 | D        | Reached skill level 15 in Fighting
   861 | D        | Reached skill level 15 in Armour
   867 | D        | Killed a cane toad
   875 | D        | Killed a cane toad
   879 | D        | Killed a black mamba
   880 | D        | Reached skill level 21 in Polearms
  1093 | D        | Noticed an elephant
  1093 | D        | Noticed an elephant
  1093 | D        | Noticed an elephant
  1093 | D        | Noticed a dire elephant
  1093 | D        | Noticed an elephant
  1093 | D        | Noticed an elephant
  1099 | D        | Killed an elephant
  1105 | D        | Killed a dire elephant
  1112 | D        | Killed an elephant
  1118 | D        | Noticed an elephant
  1121 | D        | Killed an elephant
  1122 | D        | Reached skill level 22 in Polearms
  1122 | D        | Reached XP level 11. HP: 91/115 MP: 10/10
  1230 | D        | Noticed Josephine
  1247 | D        | Killed Josephine
  1248 | D        | Reached skill level 23 in Polearms
  1340 | D        | Noticed Erolcha
  1354 | D        | Killed Erolcha
  1730 | D        | Noticed an orc knight
  1730 | D        | Noticed an orc knight
  1736 | D        | Noticed an orc knight
  1737 | D        | Killed an orc knight
  1749 | D        | Killed an orc knight
  1766 | D        | HP: 1/118 [orc warrior/+0 glaive (19)]
  1768 | D        | Killed an orc knight
  1773 | D        | Noticed an orc knight
  1773 | D        | Demolished by an orc warrior

Illustrated notes

Levels and vault maps discovered:
D:        linesprint [early_d, line_temple, items_1, d_10, items_2, lair_1,
          lair_end, items_3, orc_1, orc_end, items_4, d_15, swamp_1, shoals_1,
          snake_1, spider_1, d_20, vaults_1, items_5, swamp_end, shoals_end,
          snake_end, spider_end, vaults_end, d_27, items_6, zot_1, zot_end,
          crypt_end, forest_end, elf_end, slime_end, tomb_end, abyss_end,
          pan_hell_end]

Skill      XL: |  1  2  3  4  5  6  7  8  9 10 11 |
---------------+----------------------------------+-----
Polearms       | 5 7 10 13 14 17 19 22 23 | 23.9
Fighting       | 5 6 8 9 11 13 14 16 17 | 17.8
Armour         | 5 6 8 9 11 13 14 16 17 | 17.8
Shields        | |  3.6

Action                     |  1- 3 |  4- 6 |  7- 9 | 10-12 || total
---------------------------+-------+-------+-------+-------++-------
  Melee: Trident           |    24 |     4 |       |       ||    28
         Headbutt          |     5 |     4 |     7 |    36 ||    52
         Halberd           |       |    22 |    65 |   152 ||   239
    Use: Potion            |       |     2 |     1 |     6 ||     9
   Stab: Distracted        |       |       |     1 |     1 ||     2
 Armour: Scale mail        |     7 |    12 |       |       ||    19
         Chain mail        |       |       |    24 |    27 ||    51
         Plate armour      |       |       |       |    15 ||    15
  Dodge: Dodged            |     9 |    28 |    22 |    28 ||    87
  Block: Buckler           |     6 |     2 |       |       ||     8
